 Dungeon Crawl Stone Soup version 0.21.1-1-g345015f (webtiles) character file.

201 letownia2 the Conjurer (level 5, -5/32 HPs)
             Began as a Tengu Fire Elementalist on Mar 5, 2018.
             Was an Initiate of Cheibriados.
             Slain by an ogre
             ... wielding a +0 giant club
              (17 damage)
             ... on level 4 of the Dungeon.
             The game lasted 00:03:57 (604 turns).

letownia2 the Conjurer (Tengu Fire Elementalist)     Turns: 604, Time: 00:03:58

Health: -5/32      AC:  5    Str:  9    XL:     5   Next: 79%
Magic:  8/9        EV: 12    Int: 17    God:    Cheibriados [......]
Gold:   23         SH:  0    Dex: 16    Spells: 4/8 levels left

rFire    . . .     SeeInvis .   a - +2 hand axe (elec)
rCold    + . .     Gourm    .   (no shield)
rNeg     . . .     Faith    .   i - +2 leather armour {rC+}
rPois    .         Spirit   .   (helmet restricted)
rElec    .         Reflect  .   (no cloak)
rCorr    .         Harm     .   (no gloves)
MR       .....                  (boots unavailable)
Stlth    ++........             (no amulet)
HPRegen  0.10/turn              d - +4 ring of slaying
MPRegen  0.11/turn              (no ring)

@: very slightly contaminated, very slow
A: beak, talons 3, able to fly 1
a: Fly, Bend Time, Renounce Religion


You were on level 4 of the Dungeon.
You worshipped Cheibriados.
Cheibriados was noncommittal.
You were not hungry.

You visited 2 branches of the dungeon, and saw 5 of its levels.

You collected 23 gold pieces.

Inventory:

Hand Weapons
 a - a +2 hand axe of electrocution (weapon)
 b - a +0 spear
Missiles
 r - 7 poisoned needles
Armour
 e - a +0 robe
 i - a +2 leather armour of cold resistance (worn)
Jewellery
 d - a +4 ring of slaying (left hand)
Wands
 l - a wand of digging (14)
Scrolls
 f - 2 scrolls of fear {unknown}
 h - a scroll of identify {unknown}
 k - a scroll of remove curse {unknown}
 n - 2 scrolls of teleportation {unknown}
Potions
 j - 2 potions of curing {unknown}
 m - a potion of magic {unknown}
 o - a potion of degeneration {unknown}
 q - a potion of flight {unknown}
Books
 g - a book of Flames

   Spells                             Type                      Level
   a - Flame Tongue                   Conjuration/Fire             1
   b - Throw Flame                    Conjuration/Fire             2
   c - Conjure Flame                  Conjuration/Fire             3
   d - Inner Flame                    Hexes/Fire                   3
   e - Sticky Flame                   Conjuration/Fire             4
   f - Fireball                       Conjuration/Fire             5
Comestibles
 c - 4 rations
 p - 3 chunks of flesh


   Skills:
 + Level 3.5 Fighting
 + Level 0.7 Armour
 + Level 2.4 Dodging
 - Level 2.0 Stealth
 - Level 2.0 Spellcasting
 - Level 4.9 Conjurations
 - Level 3.2 Fire Magic


You had 4 spell levels left.
You knew the following spells:

 Your Spells              Type           Power        Failure   Level  Hunger
a - Flame Tongue          Conj/Fire      ###..        4%          1    #......
c - Conjure Flame         Conj/Fire      ###.....     14%         3    ###....


Dungeon Overview and Level Annotations

Branches:
Dungeon (4/15)             Temple (1/1) D:4

Altars:
Ashenzari
Cheibriados
Gozag
Hepliaklqana
Kikubaaqudgha
Ru
Vehumet
Xom
Zin

Annotations:
D:2 Sigmund


Innate Abilities, Weirdness & Mutations

You have a beak for a mouth.
You have claws for feet.
You can fly.


Message History

Confirm with . or Enter, or press ? or * to list all spells.
Aiming: Conjure Flame
Press: ? - help, Dir - move target cursor You miscast Conjure Flame.
You are very lightly contaminated with residual magic.
Heat runs through your body.
The hound pauses to sniff the ground.
The ogre hits you with a giant club! The hound bites you but does no damage.
The hound barely misses you. The hound bites you. The hound bites you.
You slash the hound! Lightning courses through the hound!
You kill the hound!
Cheibriados thoroughly appreciates the change of pace.
Unknown command.
The ogre barely misses you. The ogre hits you with a giant club!
Ouch! That really hurt!
You die...

.......####...........
...............#######
#......##..###.# ####
....>#...>.####.# #...
.#......######...# # #.######..
.#..## #...### # ........ ##.
#.### # ......#
#.######.########### .....####
#..@O.......#.....##
#.......###########..............
#)###........#####...............
..# ###.........##...............
#.# #####......................
..# ####.#.#............... ###
#.#.#............... #
#.#................. #
#...##.............#


You could see an ogre.

Vanquished Creatures
  A hound (D:4)
  Ijyb (D:3)
  Natasha (twice) (D:3)
  An iguana (D:4)
  A worker ant (D:4)
  2 adders
  An ooze (D:1)
  A dart slug (D:1)
  2 leopard geckos (D:3)
  4 jackals
  2 quokkas
  5 bats
  A frilled lizard (D:2)
  A kobold (D:2)
  3 rats
28 creatures vanquished.

Notes
Turn   | Place    | Note
-------+----------+-------------------------------------------
     0 | D:1      | letownia2 the Tengu Fire Elementalist began the quest for the Orb.
     0 | D:1      | Reached XP level 1. HP: 10/10 MP: 4/4
    68 | D:1      | Reached skill level 1 in Fighting
    68 | D:1      | Reached skill level 2 in Conjurations
    68 | D:1      | Reached XP level 2. HP: 16/16 MP: 6/6
   181 | D:2      | Reached XP level 3. HP: 15/21 MP: 3/7
   187 | D:2      | Learned a level 3 spell: Conjure Flame
   194 | D:2      | Reached skill level 3 in Conjurations
   300 | D:3      | Noticed Natasha
   305 | D:3      | Killed Natasha
   305 | D:3      | Reached XP level 4. HP: 23/27 MP: 3/8
   364 | D:3      | Noticed Ijyb
   376 | D:3      | Killed Ijyb
   376 | D:3      | Reached skill level 4 in Conjurations
   412 | D:2      | Noticed Sigmund
   415 | D:3      | Noticed Natasha
   433 | D:3      | Killed Natasha
   433 | D:3      | Gained mutation: You can fly. [Tengu growth]
   433 | D:3      | Reached XP level 5. HP: 23/32 MP: 6/9
   445 | D:4      | Found a staircase to the Ecumenical Temple.
   450 | D:4      | Found a hazy altar of Hepliaklqana.
   491 | Temple   | Entered the Ecumenical Temple
   497 | Temple   | Became a worshipper of Cheibriados the Contemplative
   580 | D:4      | Noticed an ogre
   604 | D:4      | Slain by an ogre

Skill      XL: |  1  2  3  4 |
---------------+-------------+-----
Fighting       | 1 2 3 |  3.5
Conjurations   | 2 3 4 |  4.9
Armour         | |  0.7
Dodging        | |  2.4
Stealth        | |  2.0
Spellcasting   | |  2.0
Fire Magic     | |  3.2

Action                   |  1- 3 |  4- 6 || total
-------------------------+-------+-------++-------
Melee: Hand axe          |    29 |    16 ||    45
       Kick              |     2 |     2 ||     4
       Peck              |     2 |       ||     2
       Spear             |       |     1 ||     1
 Cast: Flame Tongue      |    11 |    13 ||    24
       Conjure Flame     |       |     1 ||     1
 Stab: Sleeping          |     2 |       ||     2
Armor: Robe              |     6 |       ||     6
       Leather armour    |     1 |     4 ||     5
Dodge: Dodged            |    27 |    11 ||    38
